AoeStats
← [Tunjos]Lord_Antic

Four Lakes

510173129Analyzed
1v1 RM · 1d ago on Sep 29, 2026· 51m 31s· 2 players
Game mode
Random Map
Map size
Tiny (2 player)
Population
200
Speed
Normal
Resources
Standard
Victory
Conquest
Starting age
Dark Age
Ending age
Imperial Age
RankedLock teamsTeams togetherTeam positionsShared explorationLock speedFull tech treeHidden civsTurbo modeCheats
Victory
Defeat
🇲🇽 Malians · Mexico
1280
+16
🇨🇴 Spanish · Colombia
1282
-16
layg999
2:21 Loom
2:35 Loom
5:05 Loom
11:13 Feudal Age
11:44 Double-Bit Axe
18:31 Castle Age
17:41 Fletching
18:04 Man-at-Arms
18:46 Scale Mail Armor
19:16 Squires
19:39 Bow Saw
20:00 Town Watch
20:06 Long Swordsman
21:09 Chain Mail Armor
23:06 Sanctity
24:14 Redemption
24:52 Wheelbarrow
25:34 Devotion
25:45 Fervor
25:49 Atonement
26:04 Fervor
26:50 Devotion
29:05 Hand Cart
31:04 Horse Collar
35:35 Redemption
39:46 Imperial Age
38:57 Pikeman
42:20 Conscription
41:51 Capped Ram
46:52 Bodkin Arrow
47:08 Forging
47:39 Plate Mail Armor
47:20 Forging
50:02 Iron Casting
50:52 Scale Barding Armor
50:16 Two-Handed Swordsman
50:42 Arson
51:42 Farimba
52:03 Chain Barding Armor
[Tunjos]Lord_Antic
8:54 Loom
11:26 Feudal Age
12:13 Fishing Lines
13:48 Double-Bit Axe
16:44 Castle Age
16:07 Scale Barding Armor
17:24 Wheelbarrow
18:29 Bow Saw
19:23 Gillnets
18:57 Light Cavalry
19:57 Bloodlines
19:51 Gold Mining
20:30 Chain Barding Armor
22:23 Fletching
26:40 Husbandry
28:49 Forging
32:30 Iron Casting
33:06 Bodkin Arrow
35:36 Light Cavalry
37:57 Redemption
41:29 Imperial Age
42:57 Conscription
44:20 Blast Furnace
Connection lost

Rejoining the realm…

Still unreachable

The connection could not be restored.

Session expired

The server has moved on; the page needs a fresh start.